 Dungeon Crawl Stone Soup version 0.29.1-15-g9cfb28693d (webtiles) character file.

Game seed: 12876399730085387687

1818 Madmarshman the Cleaver (level 8, -7/109 HPs)
             Began as a Minotaur Berserker on Apr 6, 2023.
             Was an Elder of Trog.
             Shot with a bolt by an orc warrior (13 damage)
             ... on level 7 of the Dungeon on Apr 7, 2023.
             The game lasted 00:30:39 (7696 turns).

Madmarshman the Cleaver (Minotaur Berserker)        Turns: 7696, Time: 00:30:39

Health: -7/109     AC: 10    Str: 25    XL:     8   Next: 85%
Magic:  0/7        EV: 11    Int:  4    God:    Trog [****..]
Gold:   335        SH:  0    Dex:  9    Spells: 7/7 levels left

rFire   . . .      SeeInvis .   a - +0 war axe
rCold   . . .      Faith    .   (no shield)
rNeg    . . .      Spirit   +   G - +0 scale mail
rPois   .          Reflect  .   (helmet restricted)
rElec   .          Harm     .   r - +0 cloak
rCorr   +          Rampage  .   z - +0 pair of gloves
Will    ++...                   (no boots)
Stlth   ..........              E - amulet of guardian spirit
HPRegen 1.28/turn               q - ring of resist corrosion
MPRegen 0.10/turn               (no ring)

@: berserking, strong-willed, regenerating, very quick
A: horns 2, retaliatory headbutt
a: Renounce Religion, Berserk, Trog's Hand, Brothers in Arms


You were on level 7 of the Dungeon.
You worshipped Trog.
Trog was greatly pleased with you.
You visited 1 branch of the dungeon, and saw 7 of its levels.

You collected 335 gold pieces.

Inventory:

Hand Weapons
 a - a +0 war axe (weapon)
 b - a +0 sling
 u - a +2 mace of holy wrath
 v - a +2 vorpal hand axe
 D - a +0 hand axe of flaming
Missiles
 f - 9 javelins
 l - 66 stones (quivered)
 x - 11 poisoned darts
Armour
 i - a +0 ring mail
 r - a +0 cloak (worn)
 w - the +1 leather armour of Wusilaak {Rampage rN+ rCorr}
   (You found it on level 6 of the Dungeon)

   rN:        It protects you from negative energy.
   rCorr:     It protects you from acid and corrosion.
   Rampage:   It bestows one free step when moving towards enemies.
 z - a +0 pair of gloves (worn)
 G - a +0 scale mail (worn)
Jewellery
 q - a ring of resist corrosion (left hand)
 E - an amulet of guardian spirit (around neck)
Wands
 s - a wand of roots (11)
 A - a wand of polymorph (3)
 B - a wand of digging (3)
Scrolls
 g - 2 scrolls of amnesia
 j - a scroll of vulnerability
 o - 3 scrolls of fear
 t - 4 scrolls of teleportation
 y - 2 scrolls of poison
 C - a scroll of identify
Potions
 c - a potion of berserk rage {unknown}
 d - 2 potions of invisibility
 e - 5 potions of curing
 h - a potion of heal wounds {unknown}
 k - 2 potions of attraction {unknown}
 m - 4 potions of mutation {unknown}
 n - a potion of haste {unknown}
 p - a potion of flight {unknown}
 F - a potion of magic {unknown}


   Skills:
 + Level 7.1 Fighting
 * Level 9.4 Axes
 + Level 6.6 Armour
 + Level 6.0 Dodging


You had 7 spell levels left.
You didn't know any spells.
Your spell library was empty.

Dungeon Overview and Level Annotations

Branches:
Dungeon (7/15)
 Temple: D:4-7

Altars:
Elyvilon
Hepliaklqana
Okawaru


Innate Abilities, Weirdness & Mutations

You have a pair of horns on your head.
You reflexively headbutt those who attack you in melee.


Message History

The orc warrior shoots a bolt.
The bolt misses you.
You barely miss something.
The orc warrior shoots a bolt.
The bolt closely misses you. Something hits you but does no damage.
You closely miss something.
The orc warrior shoots a bolt.
The bolt hits you! Something hits you.
You completely miss something.
The orc warrior shoots a bolt.
The bolt hits you.
The orc priest calls down the wrath of Beogh upon you.
Something writhes in agony!
Reactivating autopickup.
You slash the orc priest! You headbutt the orc priest.
The orc priest is almost dead.
The orc warrior shoots a bolt.
The bolt closely misses you.
The orc priest begins to cast a cantrip, but forgets the words!
The orc priest calls upon Beogh to heal the orc priest.
The orc priest is healed somewhat.
The orc warrior shoots a bolt.
The bolt hits you.
You slash the orc priest!
You kill the orc priest!
Trog accepts your kill.
The orc warrior shoots a bolt.
The bolt hits you!!
You hit the orc priest but do no damage.
The orc priest hits you but does no damage.
The orc warrior shoots a bolt.
The bolt closely misses you.
You slash the orc priest!
You kill the orc priest!
Trog accepts your kill.
The orc warrior shoots a bolt.
The bolt hits you!
* * * LOW HITPOINT WARNING * * *
Your Dodging skill increases to level 6!
Your skin crawls.
You feel strong-willed. The orc priest misses you.
The orc warrior shoots a bolt.
The bolt hits you!
* * * LOW HITPOINT WARNING * * *
A red film seems to cover your vision as you go berserk!
You feel yourself moving faster!
You feel mighty!
The orc priest hits you with a +0 hand axe.
* * * LOW HITPOINT WARNING * * *
The orc warrior shoots a bolt.
The bolt hits you!
You die...

#
.#.≈≈≈≈.≈≈≈≈.##
.........§......
#.#.≈§≈§.≈≈≈≈.#
#.#.≈...§.§.§.#.
#...≈.≈≈!≈≈.§...
#..o≈..)≈...#
#.§≈≈._.§≈≈.#
#.o@........#
#.####..##### #
#.## #<# ###


You could see an orc warrior and an orc priest.

Vanquished Creatures
  Sigmund (D:2)
  Edmund (D:6)
  An ice beast (D:6)
  A water moccasin (D:5)
  A centaur (D:5)
  2 phantoms
  3 scorpions
  3 necrophages (D:5)
  3 hounds
  5 orc priests
  A jelly (D:6)
  4 iguanas
  Crazy Yiuf (D:4)
  Ijyb (D:4)
  An orc wizard (D:5)
  Robin (D:2)
  13 adders
  2 shadow imps
  A white imp (D:6)
  An ufetubus (D:6)
  3 dart slugs
  22 orcs
  7 ball pythons
  7 bats
  9 endoplasms
  4 giant cockroaches
  17 goblins
  4 hobgoblins
  8 jackals
  10 kobolds
  2 quokkas (D:1)
  3 frilled lizards
  8 rats
151 creatures vanquished.

Vanquished Creatures (others)
  An orc wizard (D:7)
  7 plants
8 creatures vanquished.

Grand Total: 159 creatures vanquished

Notes
Turn   | Place    | Note
-------+----------+-------------------------------------------
     0 | D:1      | Madmarshman the Minotaur Berserker began the quest for the
                  | Orb.
     0 | D:1      | Reached XP level 1. HP: 19/19 MP: 0/0
   240 | D:1      | Reached XP level 2. HP: 27/27 MP: 1/1
   266 | D:1      | Reached skill level 4 in Axes
   410 | D:1      | Reached ** piety under Trog
   446 | D:1      | Reached XP level 3. HP: 30/33 MP: 2/2
   870 | D:2      | Noticed Sigmund
   891 | D:2      | Killed Sigmund
   892 | D:2      | Reached skill level 5 in Axes
   892 | D:2      | Reached XP level 4. HP: 14/41 MP: 3/3
   892 | D:2      | Reached XP level 5. HP: 16/47 MP: 4/4
  1397 | D:2      | Noticed Robin
  1406 | D:2      | Killed Robin
  1407 | D:2      | Reached XP level 6. HP: 28/55 MP: 5/5
  2104 | D:3      | Found an iron altar of Okawaru.
  2234 | D:3      | Reached *** piety under Trog
  2307 | D:3      | You fall into a shaft and drop 1 floor!
  2364 | D:3      | Reached skill level 6 in Axes
  3225 | D:4      | Reached skill level 5 in Fighting
  3351 | D:4      | Noticed Ijyb
  3366 | D:4      | Killed Ijyb
  3426 | D:4      | Found a hazy altar of Hepliaklqana.
  3575 | D:4      | Found a runed translucent door.
  3576 | D:4      | Noticed Crazy Yiuf
  3588 | D:4      | Killed Crazy Yiuf
  4278 | D:5      | Entered Level 5 of the Dungeon
  4651 | D:5      | Reached XP level 7. HP: 57/61 MP: 6/6
  4773 | D:5      | Reached skill level 7 in Axes
  4773 | D:5      | Reached skill level 5 in Armour
  4992 | D:5      | Reached **** piety under Trog
  5386 | D:5      | Reached skill level 5 in Dodging
  5386 | D:5      | Reached XP level 8. HP: 70/70 MP: 7/7
  5478 | D:5      | Reached skill level 8 in Axes
  5998 | D:6      | Identified the +1 leather armour of Wusilaak {Rampage rN+
                  | rCorr}
  6232 | D:6      | Reached skill level 9 in Axes
  6673 | D:6      | Noticed Edmund
  6688 | D:6      | Killed Edmund
  7676 | D:7      | Found a white marble altar of Elyvilon.
  7696 | D:7      | Shot with a bolt by an orc warrior

Illustrated notes

Levels and vault maps discovered:
D:1:      saegor_arrival_simple_e, layout_basic, solitary_fountain, st_stairs_4,
          chequers_serial_rivers_marsh, minmay_bisected
D:2:      layout_basic, lexackson_kobold_supper, uniq_robin, uniq_sigmund
D:3:      layout_basic, okawaru_gym_becter, grunt_ministairs_13,
          amethyst_killhole
D:4:      layout_rooms, nicolae_hepliaklqana_hazy_memory,
          uniq_crazy_yiuf_cottage, uniq_ijyb
D:5:      layout_loops_ring
D:6:      kennysheep_spiral_hall, layout_basic, uniq_edmund
D:7:      layout_basic, mainiacjoe_overflow_large_starburst,
          minmay_temple_entry_waves, uniq_duvessa

Skill      XL: |  1  2  3  4  5  6  7  8 |
---------------+-------------------------+-----
Axes           | 4 5 6 7 9 |  9.4
Fighting       | 4 5 6 7 |  7.1
Armour         | 3 4 5 6 |  6.6
Dodging        | 3 4 5 6 |  6.0

Action                   |  1- 3 |  4- 6 |  7- 9 || total
-------------------------+-------+-------+-------++-------
Melee: War axe           |    56 |   152 |   131 ||   339
       Headbutt          |     4 |    22 |    23 ||    49
       Punch             |     1 |       |       ||     1
Throw: Stone             |       |     7 |       ||     7
Invok: Berserk           |     1 |     2 |     2 ||     5
       Trog's Hand       |     1 |       |     1 ||     2
  Use: Scroll            |     2 |     5 |     1 ||     8
Armor: Animal skin       |     7 |       |       ||     7
       Ring mail         |    10 |    56 |    40 ||   106
       Scale mail        |       |       |     2 ||     2
Dodge: Dodged            |    40 |    89 |    69 ||   198
